 Dungeon Sprint DCSS version 0.31-a0-18-gea43df2a32 (webtiles) character file.

Game seed: 5592150291710502955

1024 sircluck the Grappler (level 8, -28/89 HPs)
             Began as a Troll Berserker on May 11, 2023.
             Was a Priest of Trog.
             Annihilated by a boulder beetle (51 damage)
             ... in the Dungeon (Sprint II: "The Violet Keep of Menkaure").
             The game lasted 00:01:30 (142 turns).

sircluck the Grappler (Troll Berserker)              Turns: 142, Time: 00:01:31

Health: -28/89     AC:  4    Str: 28    XL:     8   Next: 2%
Magic:  6/6        EV: 11    Int:  1    God:    Trog [***...]
Gold:   243        SH:  0    Dex:  7    Spells: 7/7 levels left

rFire   + .          .
                       - Unarmed
rCold   x . .        (no shield)
rNeg    . . .        a - +0 animal skin
rPois   .            (helmet restricted)
rElec   .            (no cloak)
rCorr   .            (gloves unavailable)
SInv    .            (boots unavailable)
Will    .....        (no amulet)
Stlth   +            (no ring)
HPRegen 1.14/turn    (no ring)
MPRegen 0.10/turn

%: no teleportation
@: no status effects
A: large, unfitting armour, claws 3, regeneration 1, shaggy fur 1, tough skin 1,
clumsy 1, dopey 1, fire resistance 1, low MP 1, screaming 1, no potion heal 1,
cold vulnerability 1, subdued magic 1
a: Renounce Religion, Berserk, Trog's Hand


You were in the Dungeon.
You worshipped Trog.
Trog was most pleased with you.
You visited 1 branch You collected 243 gold pieces.

Inventory:

Armour
 a - a +0 animal skin (worn)
Scrolls
 g - a scroll of blinking
Potions
 b - a potion of curing
 c - a potion of heal wounds
 d - a potion of haste
 e - 2 potions of magic
 f - a potion of berserk rage


   Skills:
 + Level 8.5 Fighting
 + Level 8.6 Dodging
 + Level 11.4 Unarmed Combat


You had 7 spell levels left.
You didn't know any spells.
Your spell library was empty.

Dungeon Overview and Level Annotations

Branches:
Dungeon (1/1)

Altars:

Shops:
D !([=((?[:[=

Annotations:
D exclusion: orange crystal statue


Innate Abilities, Weirdness & Mutations

You are too large for most types of armour.
You have claws for hands.
Your natural rate of healing is unusually fast.
You are covered in fur. (AC +1)
You have tough skin. (AC +1)
You are clumsy. (Dex -2)
You are dopey. (Int -2)
Your flesh is heat resistant. (rF+)
Your magical capacity is low. (-10% MP)
You occasionally shout uncontrollably at your foes.
Potions are less effective at restoring your health.
You are vulnerable to cold. (rC-)
Your spells are a little easier to cast, but a little less powerful.


Message History

The boulder beetle is lightly wounded.
The boulder beetle bites you!!
You barely miss the boulder beetle.
The boulder beetle is lightly wounded.
The boulder beetle waves its antennae.
The boulder beetle closely misses you.
You mangle the boulder beetle!!
The boulder beetle is moderately wounded.
The boulder beetle misses you.
You mangle the boulder beetle!!
The boulder beetle is severely wounded.
You claw the boulder beetle!
The boulder beetle is almost dead.
The boulder beetle leaps!
You claw the boulder beetle!
The boulder beetle is lightly wounded.
The boulder beetle bites you!
You scratch the boulder beetle but do no damage.
You claw the boulder beetle, but do no damage.
The boulder beetle is lightly wounded.
The boulder beetle bites you!
You scratch the boulder beetle but do no damage.
The boulder beetle is lightly wounded.
The boulder beetle closely misses you.
You claw the boulder beetle!
The boulder beetle is moderately wounded.
You scratch the boulder beetle.
The boulder beetle is heavily wounded.
The boulder beetle curls into a ball and begins rolling!
The boulder beetle bites you!!
* * * LOW HITPOINT WARNING * * *
You scratch the boulder beetle but do no damage.
The boulder beetle is heavily wounded.
The boulder beetle bites you.
* * * LOW HITPOINT WARNING * * *
You mangle the boulder beetle!!
The boulder beetle is severely wounded.
The boulder beetle hits you!!!
Ouch! That really hurt!
You die...

########~~#+++#+++##
#######~~~.........#
......#~~~~.##'##..#
∩.∩...#~~~~##...##.#
.∩.∩..#~~~~#.##..# ..
..∩.⌠.#~~####.####
#.. .∩.∩..#~##.###'#
.##..
∩.∩...#~#...##.##..$#
. .∩....+~+ #)°○B@B#
∩.....#~#...##.##...#
▓▓▓▓###~##.# #+# .##
Y######~~## # Y# ##~
+


You could see 2 boulder beetles.

Vanquished Creatures
  A merfolk siren (D)
  4 neqoxecs (D)
  Menkaure (D)
  A water moccasin (D)
7 creatures vanquished.

Notes
Turn   | Place    | Note
-------+----------+-------------------------------------------
     0 | D        | sircluck the Troll Berserker began the quest for the Orb.
     0 | D        | Reached XP level 1. HP: 22/22 MP: 0/0
     1 | D        | Noticed a neqoxec
     8 | D        | Gained mutation: You are clumsy. (Dex -2) [a neqoxec]
    11 | D        | Noticed a neqoxec
    13 | D        | Gained mutation: You are vulnerable to cold. (rC-) [a
                  | neqoxec]
    15 | D        | Killed a neqoxec
    16 | D        | Reached skill level 5 in Fighting
    16 | D        | Reached skill level 5 in Dodging
    16 | D        | Reached skill level 6 in Unarmed Combat
    16 | D        | Reached XP level 2. HP: 35/35 MP: 1/1
    16 | D        | Reached XP level 3. HP: 42/42 MP: 2/2
    16 | D        | Reached XP level 4. HP: 50/50 MP: 3/3
    22 | D        | Gained mutation: You occasionally shout uncontrollably at
                  | your foes. [a neqoxec]
    24 | D        | Gained mutation: Potions are less effective at restoring
                  | your health. [a neqoxec]
    27 | D        | Killed a neqoxec
    28 | D        | Reached skill level 8 in Unarmed Combat
    28 | D        | Reached XP level 5. HP: 26/61 MP: 4/4
    29 | D        | Noticed an orange crystal statue
    30 | D        | Noticed a neqoxec
    31 | D        | Noticed Menkaure
    33 | D        | Gained mutation: You are dopey. (Int -2) [a neqoxec]
    38 | D        | Gained mutation: Your magical capacity is low. (-10% MP)
                  | [mutagenic glow]
    40 | D        | Killed a neqoxec
    40 | D        | Reached ** piety under Trog
    41 | D        | Reached skill level 9 in Unarmed Combat
    41 | D        | Reached XP level 6. HP: 15/71 MP: 4/4
    41 | D        | Killed Menkaure
    42 | D        | Noticed a water moccasin
    42 | D        | Noticed a neqoxec
    46 | D        | Killed a water moccasin
    47 | D        | Reached skill level 10 in Unarmed Combat
    47 | D        | Reached XP level 7. HP: 15/79 MP: 5/5
    49 | D        | Lost intelligence.
    51 | D        | Gained mutation: Your flesh is heat resistant. (rF+) [a
                  | neqoxec]
    51 | D        | Gained mutation: Your spells are a little easier to cast,
                  | but a little less powerful. [mutagenic glow]
    55 | D        | Killed a neqoxec
    55 | D        | Reached *** piety under Trog
    80 | D        | Found Myasigixa's Antique Armour Shoppe.
    80 | D        | Found Jiykkecu's Jewellery Emporium.
    81 | D        | Found Uneovvaa's Magic Scroll Emporium.
    81 | D        | Found Enipsil's Armour Shoppe.
    81 | D        | Found Olua's Book Emporium.
    82 | D        | Found Piuhez's Jewellery Emporium.
    82 | D        | Found Jaoduucw's Weapon Shoppe.
    82 | D        | Found Qewk's Antique Weapon Emporium.
    83 | D        | Found Ovun's Distillery.
    83 | D        | Found Mibila's Antique Weapon Shoppe.
    93 | D        | Found Voz Uluyq's Antique Armour Emporium.
    93 | D        | Noticed a yak
    93 | D        | Noticed a yak
   118 | D        | Noticed a boulder beetle
   118 | D        | Noticed a boulder beetle
   122 | D        | Noticed a merfolk siren
   126 | D        | Killed a merfolk siren
   127 | D        | Reached skill level 11 in Unarmed Combat
   127 | D        | Reached XP level 8. HP: 89/89 MP: 6/6
   142 | D        | Annihilated by a boulder beetle

Illustrated notes

Levels and vault maps discovered:
D:        the_violet_keep_of_menkaure [sprint2_stairs_cluster_1,
          sprint2_shoproom, sprint2_temple, sprint2_basic_supplies,
          sprint2_obstacle_7, sprint2_obstacle_5, sprint2_obstacle_4,
          sprint2_obstacle_1, sprint2_obstacle_6, sprint2_timed_cluster_1,
          sprint2_smallroom_cluster_1, sprint2_smallroom_final_cluster_1,
          sprint2_transparent_cluster_1, sprint2_second_timed_cluster_1,
          sprint2_sniper_area_1, sprint2_heavy_combat_area_1,
          sprint2_mutation_trap_area_1, sprint2_forest_area_1,
          sprint2_light_combat_area_1, sprint2_behind_water_1,
          sprint2_near_end_vault_1]

Skill      XL: |  1  2  3  4  5  6  7 |
---------------+----------------------+-----
Fighting       | 5 6 7 8 |  8.5
Dodging        | 5 6 7 8 |  8.6
Unarmed Combat | 6 8 9 10 11 | 11.4

Action                     |  1- 3 |  4- 6 |  7- 9 || total
---------------------------+-------+-------+-------++-------
  Melee: Unarmed           |    10 |    24 |    20 ||    54
         Punch             |       |       |     2 ||     2
 Invoke: Berserk           |     1 |       |       ||     1
 Armour: Animal skin       |       |     1 |     3 ||     4
  Dodge: Dodged            |     2 |     9 |     4 ||    15

Table legend: (Time is in decaauts)
 A = Elapsed time spent in this place.
 B = Non-inter-level travel time spent in this place.
 C = Inter-level travel time spent in this place.
 D = Time resting spent in this place.
 E = Time spent auto-exploring this place.
 F = Levels seen in this place.
 G = Mean time per level.
                   A        B        C        D        E       F      G
               +--------+--------+--------+--------+--------+-----+--------+
         Total |    153 |    153 |      0 |     29 |      1 |   1 |  153.0 |
       Dungeon |    153 |    153 |      0 |     29 |      1 |   1 |  153.0 |
               +--------+--------+--------+--------+--------+-----+--------+

Top non-repeatable levels by time:
       D: 153 daAuts
